AoeStats
← Black_Mahler

Arabia

506512160Analyzed
2v2 RM · 20d ago on Sep 13, 2026· 48m 48s· 4 players
Game mode
Random Map
Map size
Medium (4 player)
Population
200
Speed
Normal
Resources
Standard
Victory
Conquest
Starting age
Dark Age
Ending age
Imperial Age
RankedLock teamsTeams togetherTeam positionsShared explorationLock speedFull tech treeHidden civsTurbo modeCheats
Victory
Defeat
🇨🇴 Hindustanis · Colombia
1057
+14
🇨🇴 Franks · Colombia
988
+16
🇦🇷 Saracens · Argentina
1007
-15
🇦🇷 Bohemians · Argentina
1007
-15
Betillo
10:21 Feudal Age
10:43 Loom
16:44 Double-Bit Axe
21:44 Castle Age
21:58 Crossbowman
25:00 Horse Collar
27:48 Padded Archer Armor
28:29 Fletching
33:58 Ballistics
34:56 Bodkin Arrow
RENE
10:52 Feudal Age
11:23 Double-Bit Axe
12:20 Wheelbarrow
19:19 Castle Age
17:58 Loom
18:21 Fletching
19:34 Crossbowman
21:14 Bodkin Arrow
21:20 Padded Archer Armor
24:27 Hand Cart
27:29 Thumb Ring
34:19 Ballistics
39:10 Horse Collar
39:43 Bow Saw
44:18 Imperial Age
44:28 Arbalester
46:25 Chemistry
46:09 Bracer
46:16 Heavy Plow
47:21 Leather Archer Armor
Black_Mahler
0:28 Loom
10:32 Feudal Age
11:12 Double-Bit Axe
11:18 Town Watch
15:34 Fletching
16:46 Forging
24:09 Castle Age
25:44 Husbandry
25:08 Elite Skirmisher
33:07 Wheelbarrow
35:44 Gold Mining
39:16 Bodkin Arrow
45:44 Hand Cart
49:27 Imperial Age
Ivar the Boneless
9:36 Feudal Age
9:46 Man-at-Arms
10:15 Double-Bit Axe
13:17 Wheelbarrow
15:56 Loom
19:34 Castle Age
18:33 Forging
18:24 Scale Mail Armor
20:42 Bow Saw
21:15 Iron Casting
20:26 Horse Collar
22:10 Chain Mail Armor
23:51 Hand Cart
23:44 Fletching
23:45 Arson
24:01 Squires
25:15 Town Watch
26:08 Bodkin Arrow
31:50 Town Patrol
32:04 Stone Mining
34:14 Gold Mining
42:18 Imperial Age
40:55 Gold Shaft Mining
40:57 Stone Shaft Mining
42:28 Elite Ghulam
43:12 Bracer
44:15 Blast Furnace
44:43 Two-Man Saw
43:48 Heavy Plow
43:55 Bracer
44:18 Conscription
Connection lost

Rejoining the realm…

Still unreachable

The connection could not be restored.

Session expired

The server has moved on; the page needs a fresh start.